 Dungeon Crawl Stone Soup version 0.22.1-1-ga44c0e5 (webtiles) character file.

438 lurkertryhard the Chopper (level 6, -6/56 HPs)
             Began as a Minotaur Berserker on Nov 6, 2018.
             Was a Believer of Trog.
             Mangled by an ogre
             ... wielding a +0 giant spiked club
              (19 damage)
             ... on level 4 of the Dungeon.
             The game lasted 00:08:45 (2353 turns).

lurkertryhard the Chopper (Minotaur Berserker)      Turns: 2353, Time: 00:08:46

Health: -6/56      AC:  9    Str: 24    XL:     6   Next: 69%
Magic:  5/5        EV: 12    Int:  4    God:    Trog [**....]
Gold:   192        SH:  0    Dex:  9    Spells: 5/5 levels left

rFire    . . .     SeeInvis .   a - +0 hand axe
rCold    + . .     Gourm    .   (no shield)
rNeg     . . .     Faith    .   f - +2 ring mail {rC+}
rPois    .         Spirit   .   (helmet restricted)
rElec    .         Reflect  .   u - +0 cloak
rCorr    .         Harm     .   (no gloves)
MR       .....                  (no boots)
Stlth    +.........             (no amulet)
HPRegen  0.18/turn              (no ring)
MPRegen  0.09/turn              (no ring)

@: berserk cooldown, slowed, very slow
A: retaliatory headbutt, horns 2
a: Berserk, Trog's Hand, Renounce Religion


You were on level 4 of the Dungeon.
You worshipped Trog.
Trog was pleased with you.
You were very hungry.

You visited 1 branch of the dungeon, and saw 4 of its levels.

You collected 192 gold pieces.

Inventory:

Hand Weapons
 a - a +0 hand axe (weapon)
Missiles
 d - 104 stones (quivered)
 n - 18 sling bullets
Armour
 b - a +0 animal skin
 f - a +2 ring mail of cold resistance (worn)
 u - a +0 cloak (worn)
Jewellery
 m - an uncursed amulet of regeneration {unknown}
Scrolls
 e - a scroll of enchant armour {unknown}
 g - 2 scrolls of remove curse {unknown}
 i - a scroll of magic mapping {unknown}
 k - a scroll of amnesia {unknown}
 r - a scroll of teleportation {unknown}
 s - a scroll of identify {unknown}
 v - a scroll of immolation {unknown}
Potions
 h - 4 potions of lignification {unknown}
 j - 4 potions of heal wounds {unknown}
 l - a potion of flight {unknown}
 o - a potion of berserk rage {unknown}
 p - a potion of curing {unknown}
 t - a potion of invisibility {unknown}
Comestibles
 c - 8 rations


   Skills:
 + Level 5.5 Fighting
 + Level 6.3 Axes
 + Level 4.4 Armour
 + Level 3.4 Dodging
 + Level 0.5 Stealth


You had 5 spell levels left.
You didn't know any spells.
Your spell library was empty.

Dungeon Overview and Level Annotations

Branches:
Dungeon (4/15)
 Temple: D:4-7

Altars:
Hepliaklqana
Nemelex Xobeh
Qazlal

Annotations:
D:4 Dowan


Innate Abilities, Weirdness & Mutations

You reflexively headbutt those who attack you in melee.
You have a pair of horns on your head.


Message History

You miss Dowan.
Dowan is heavily wounded.
Dowan hits you but does no damage. Dowan casts a spell at you.
The shard of ice hits you! You partially resist.
* * * LOW HITPOINT WARNING * * *
Dowan hits you but does no damage.
Okay, then.
You miss Dowan.
Dowan is moderately wounded.
Dowan barely misses you. Dowan misses you.
You completely miss Dowan. Your headbutt misses Dowan.
Dowan is moderately wounded.
Dowan gestures at you while chanting. The stone arrow misses you.
Dowan closely misses you.
You miss Dowan.
Dowan is moderately wounded.
You hit the ogre. Dowan hits you but does no damage.
The ogre hits you with a giant spiked club!!
You die...

........... ...
..........###..##
........#...#...#
#..............
#....<.........
#...#(#).......
.####.....#.#.##..#
..........)!.......
.......@#.#.#.##..#
.####.Oe#.#.#.#
#...#.#.# #
.........#
......#.#.#
.............
.####.###.#.# #.
#.#


You could see an ogre and Dowan.

Vanquished Creatures
  Duvessa (D:4)
  An orc priest (D:3)
  2 orc wizards (D:4)
  Natasha (thrice) (D:2)
  6 adders
  4 gnolls (D:3)
  3 oozes
  A worm (D:2)
  2 leopard geckos
  7 orcs
  A ball python (D:2)
  6 bats
  4 giant cockroaches
  3 goblins
  5 hobgoblins
  3 jackals (D:1)
  5 kobolds
  2 quokkas
  A frilled lizard (D:3)
  8 rats
68 creatures vanquished.

Notes
Turn   | Place    | Note
-------+----------+-------------------------------------------
     0 | D:1      | lurkertryhard the Minotaur Berserker began the quest for
                  | the Orb.
     0 | D:1      | Reached XP level 1. HP: 19/19 MP: 0/0
    19 | D:1      | Reached XP level 2. HP: 12/27 MP: 1/1
   208 | D:1      | Reached skill level 4 in Axes
   488 | D:1      | Found a sparkling altar of Nemelex Xobeh.
   614 | D:1      | Reached XP level 3. HP: 29/33 MP: 2/2
   665 | D:2      | Noticed Natasha
   675 | D:2      | Killed Natasha
   719 | D:2      | Noticed Natasha
   725 | D:2      | Killed Natasha
   725 | D:2      | Reached XP level 4. HP: 27/41 MP: 3/3
   846 | D:2      | Noticed Natasha
   854 | D:2      | Killed Natasha
   943 | D:2      | Reached ** piety under Trog
   948 | D:2      | Reached skill level 5 in Axes
   969 | D:2      | Reached skill level 5 in Fighting
  1451 | D:3      | Reached XP level 5. HP: 41/48 MP: 4/4
  1789 | D:3      | Found a hazy altar of Hepliaklqana.
  1993 | D:3      | Found a stormy altar of Qazlal.
  1995 | D:3      | Noticed a water elemental
  1995 | D:3      | Noticed a fire elemental
  1995 | D:3      | Noticed an air elemental
  2320 | D:4      | Noticed Duvessa
  2321 | D:4      | Noticed Dowan
  2330 | D:4      | Reached skill level 6 in Axes
  2330 | D:4      | Reached XP level 6. HP: 56/56 MP: 5/5
  2338 | D:4      | Killed Duvessa
  2353 | D:4      | Mangled by an ogre

Skill      XL: |  1  2  3  4  5  6 |
---------------+-------------------+-----
Axes           | 4 5 6 |  6.3
Fighting       | 4 5 |  5.5
Armour         | 3 4 |  4.4
Dodging        | 3 |  3.4
Stealth        | |  0.5

Action                   |  1- 3 |  4- 6 || total
-------------------------+-------+-------++-------
Melee: Hand axe          |    37 |   120 ||   157
       Headbutt          |     6 |    14 ||    20
Invok: Berserk           |     1 |     2 ||     3
  Eat: Chunk             |       |     6 ||     6
Armor: Animal skin       |     8 |       ||     8
       Ring mail         |     5 |    59 ||    64
Dodge: Dodged            |    32 |    81 ||   113
